 Dungeon Crawl Stone Soup version 0.14-a0-1097-gc7db7fc (webtiles) character file.

73 4tharraofdagon the Firebug (level 3, -1/19 HPs)
             Began as a Deep Elf Fire Elementalist on Nov 28, 2013.
             Slain by an adder (2 damage)
             ... on Level 6 of the Dungeon.
             The game lasted 00:02:55 (536 turns).

4tharraofdagon the Firebug (DEFE)                    Turns: 536, Time: 00:02:56

HP  -1/19        AC  3     Str  5      XL: 3   Next: 10%
MP   4/9         EV 10     Int 20      God:
Gold 41          SH  0     Dex 15      Spells:  2 memorised,  3 levels left

rFire  + . .     SeeInvis .     k - +0 short sword
rCold  + . .     Clarity  .     e - +0 leather armour
rNeg   . . .     Conserve .     (no shield)
rPois  +         rCorr    .     (no helmet)
rElec  +         rRot     .     (no cloak)
SustAb . .       Spirit   .     (no gloves)
rMut   .         Warding  .     (no boots)
Saprov . . .     Stasis   .     (no amulet)
                                (no ring)
                                (no ring)

@: very slightly contaminated, slightly resistant to hostile enchantments,
fairly stealthy
A: no striking features
a: no special abilities


You were on level 6 of the Dungeon.
You were not hungry.

You visited 1 branch of the dungeon, and saw 6 of its levels.

You collected 41 gold pieces.

Inventory:

Hand weapons
 g - a +0,+0 dagger
 j - a +2,+1 anti-magic short sword
 k - a +0,+0 short sword (weapon)
Armour
 a - a +0 elven robe
 e - a +0 leather armour (worn)
Comestibles
 c - 2 bread rations
 f - a choko
 n - 2 apples
Scrolls
 d - a scroll of random uselessness {unknown}
 h - a scroll of curse armour {unknown}
 i - a scroll of magic mapping {unknown}
 m - a scroll of recharging {unknown}
 o - a scroll of remove curse {unknown}
Books
 b - a book of Flames

   Spells                             Type                      Level
   *Flame Tongue                      Conjuration/Fire             1
   Throw Flame                        Conjuration/Fire             2
   *Conjure Flame                     Conjuration/Fire             3
   Inner Flame                        Hexes/Fire                   3
   Sticky Flame                       Conjuration/Fire             4
   Fireball                           Conjuration/Fire             5
 l - a book of Minor Magic

   Spells                             Type                      Level
   Magic Dart                         Conjuration                  1
   Blink                              Translocation                2
   Call Imp                           Summoning                    2
   Repel Missiles                     Charms/Air                   2
   Slow                               Hexes                        2
   *Conjure Flame                     Conjuration/Fire             3
   Mephitic Cloud                     Conjuration/Poison/Air       3


   Skills:
 - Level 2.4 Dodging
 - Level 2.4 Stealth
 + Level 2.5 Spellcasting
 * Level 2.3 Conjurations
 * Level 3.7 Fire Magic


You had 3 spell levels left.
You knew the following spells:

 Your Spells              Type           Power        Failure   Level  Hunger
a - Flame Tongue          Conj/Fire      ##...        4%          1    None
b - Conjure Flame         Conj/Fire      ##......     14%         3    ###....


Dungeon Overview and Level Annotations

Branches:
Dungeon (6/16)
 Temple: D:4-7

Altars:
Zin

Shops:
D:5 *

Annotations:
D:4 nOtime's ghost, average MiFi


Message History

The flame hits the bat.
You kill the bat!
Casting: Flame Tongue
Confirm with . or Enter, or press ? or * to list all spells.
Aiming: Flame Tongue
Press: ? - help, Shift-Dir - straight line, f - giant gecko
Aim: a giant gecko (clinging)
The flame hits the giant gecko.
You kill the giant gecko!
The adder bites you.
* * * LOW HITPOINT WARNING * * *
Casting: Flame Tongue
Confirm with . or Enter, or press ? or * to list all spells.
Aiming: Flame Tongue
Press: ? - help, Shift-Dir - straight line, f - adder
Aim: an adder The flame hits the adder.
The adder is heavily wounded.
The adder bites you.
You die...

###### ....# ...#
..# #.# #@# #S#
#.############K#
<.........S(_..#
.........(.....#
.........(......#
<.......<..K....#
................#
...............#


You could see an adder and a kobold.

Vanquished Creatures
  An adder (D:5)
  An adder skeleton (D:4)
  A giant gecko (D:6)
  3 bats
  3 giant cockroaches
  3 hobgoblins
  A giant newt (D:1)
  3 kobolds
  4 rats
20 creatures vanquished.

Notes
Turn   | Place    | Note
--------------------------------------------------------------
     0 | D:1      | 4tharraofdagon, the Deep Elf Fire Elementalist, began the quest for the Orb.
     0 | D:1      | Reached XP level 1. HP: 10/10 MP: 4/4
   191 | D:3      | Reached XP level 2. HP: 13/15 MP: 0/7
   259 | D:3      | Noticed an orc priest
   403 | D:4      | Noticed nOtime's ghost (average MiFi)
   432 | D:5      | Entered Level 5 of the Dungeon
   432 | D:5      | Found Evo Quv's General Store.
   452 | D:4      | Reached XP level 3. HP: 11/19 MP: 0/9
   457 | D:4      | Learned a level 3 spell: Conjure Flame
   521 | D:6      | Found a glowing silver altar of Zin.
   536 | D:6      | Slain by an adder

Action                   || total
-------------------------++-------
Melee: Short sword       ||    12
       Dagger            ||     1
 Cast: Flame Tongue      ||    38
  Use: Potion            ||     1
